 Dungeon Crawl Stone Soup version 0.23-a0-625-g1d2cd9b (webtiles) character file.

5589 Leeroy the Magician (level 10, 0/79 HPs)
             Began as a Gnoll Skald on Dec 23, 2018.
             Was a High Priest of Okawaru.
             Slain by a skeletal warrior
             ... wielding a +0 halberd
              (23 damage)
             ... on level 9 of the Dungeon on Dec 24, 2018.
             The game lasted 00:51:21 (10880 turns).

Leeroy the Magician (Gnoll Skald)                  Turns: 10880, Time: 00:51:22

Health: 0/79       AC: 11    Str: 16    XL:     10   Next: 72%
Magic:  21/21      EV: 16    Int: 18    God:    Okawaru [*****.]
Gold:   485        SH:  6    Dex: 20    Spells: 1/24 levels left

rFire    . . .     SeeInvis .   u - +3 trident
rCold    . . .     Gourm    .   J - +0 buckler
rNeg     . . .     Faith    .   m - +3 ring mail of Fode {+Inv Dex+2}
rPois    .         Spirit   .   w - +0 helmet
rElec    .         Reflect  .   (no cloak)
rCorr    .         Harm     .   v - +0 pair of gloves
MR       .....                  (no boots)
Stlth    +++.......             (no amulet)
HPRegen  0.23/turn              x - +3 ring of strength
MPRegen  0.17/turn              Z - +2 ring of dexterity

@: no status effects
A: distributed training, fangs 1, strong nose
a: Heroism, Finesse, Renounce Religion, Evoke Invisibility


You were on level 9 of the Dungeon.
You worshipped Okawaru.
Okawaru was extremely pleased with you.
You were not hungry.

You visited 2 branches of the dungeon, and saw 10 of its levels.

You collected 485 gold pieces.

Inventory:

Hand Weapons
 a - a +0 falchion
 f - a +1 shortbow of velocity
 i - a +0 hand crossbow of freezing
 u - a +3 trident (weapon)
 z - a +0 long sword
 A - a +1 morningstar of draining
 B - a cursed -3 blowgun
 N - a +0 mace of crushing
 R - a +2 dagger of venom
 T - a +2 dagger of electrocution
 U - a +0 shortbow
Missiles
 c - 236 stones (quivered)
 g - 199 arrows
 k - 43 sling bullets
 p - 31 poisoned needles
 r - 170 bolts
 L - 4 tomahawks
 P - 6 curare-tipped needles
 Y - 7 javelins
Armour
 m - the +3 ring mail of Fode (worn) {+Inv Dex+2}
   (You found it on level 7 of the Dungeon)

   It affects your dexterity (+2).
   It lets you turn invisible.
 t - a +3 leather armour of fire resistance
 v - a +0 pair of gloves (worn)
 w - a +0 helmet (worn)
 J - a +0 buckler (worn)
 M - a +0 troll leather armour
 V - the +18 shield of the Gong {rElec rN+ MR+ EV-5}
   (You found it on level 5 of the Dungeon)

   It affects your evasion (-5).
   It insulates you from electricity.
   It protects you from negative energy.
   It affects your resistance to hostile enchantments.
Jewellery
 x - a +3 ring of strength (left hand)
 E - an uncursed ring of ice
 H - a cursed -3 ring of strength
 I - an uncursed ring of ice
 Z - a +2 ring of dexterity (right hand)
Wands
 b - a wand of iceblast (5)
 Q - a wand of random effects (22)
 S - a wand of flame (22)
Scrolls
 e - a scroll of identify
 h - a scroll of immolation {unknown}
 j - a scroll of random uselessness {unknown}
 l - 6 scrolls of remove curse
 n - 2 scrolls of blinking {unknown}
 F - a scroll of fear {unknown}
 G - 2 scrolls of enchant armour {unknown}
 O - 2 scrolls of teleportation
 W - a scroll of enchant weapon {unknown}
Potions
 o - 5 potions of curing
 q - 3 potions of heal wounds
 s - 3 potions of lignification
 y - 2 potions of might {unknown}
 C - 6 potions of flight
 D - 2 potions of mutation {unknown}
 K - 2 potions of ambrosia {unknown}
 X - 2 potions of agility {unknown}
Comestibles
 d - 23 rations


   Skills:
 + Level 7.2 Fighting
 + Level 5.4 Short Blades
 + Level 7.2 Long Blades
 + Level 5.4 Axes
 + Level 5.4 Maces & Flails
 + Level 5.4 Polearms
 + Level 5.4 Staves
 + Level 5.4 Slings
 + Level 5.4 Bows
 + Level 5.4 Crossbows
 + Level 5.4 Throwing
 + Level 6.1 Armour
 + Level 7.2 Dodging
 + Level 5.4 Stealth
 + Level 5.4 Shields
 + Level 5.4 Unarmed Combat
 + Level 7.5 Spellcasting
 + Level 4.5 Conjurations
 + Level 4.5 Hexes
 + Level 7.2 Charms
 + Level 4.5 Summonings
 + Level 4.5 Necromancy
 + Level 4.5 Translocations
 + Level 4.5 Transmutations
 + Level 4.5 Fire Magic
 + Level 4.5 Ice Magic
 + Level 4.5 Air Magic
 + Level 4.5 Earth Magic
 + Level 4.5 Poison Magic
 + Level 6.0 Invocations
 + Level 5.4 Evocations


You had one spell level left.
You knew the following spells:

 Your Spells              Type           Power        Failure   Level  Hunger
a - Infusion              Chrm           ####         1%          1    None
b - Shroud of Golubria    Chrm/Tloc      ####......   2%          2    None
c - Apportation           Tloc           ###...       2%          1    None
d - Slow                  Hex            ###.....     4%          2    None
e - Regeneration          Chrm/Necr      ####......   4%          3    #......
f - Spectral Weapon       Hex/Chrm       ####....     4%          3    #......
g - Confusing Touch       Hex            ###...       2%          1    None
h - Summon Small Mammal   Summ           ###.         2%          1    None
i - Mephitic Cloud        Conj/Pois/Air  ###.....     9%          3    #......
j - Magic Dart            Conj           ###.         2%          1    None
k - Blink                 Tloc           N/A          4%          2    None
l - Conjure Flame         Conj/Fire      ###.....     9%          3    #......

Your spell library contained the following spells:

 Spells                   Type           Power        Failure   Level  Hunger
 Animate Skeleton         Necr           N/A          2%          1    None
 Song of Slaying          Chrm           ####....     1%          2    None
 Call Imp                 Summ           ###.....     4%          2    None


Dungeon Overview and Level Annotations

Branches:
Dungeon (9/15)             Temple (1/1) D:4
   Lair: D:8-11         Orc: D:9-12

Altars:
Ashenzari
Elyvilon
Hepliaklqana
Kikubaaqudgha
Okawaru
Qazlal
Sif Muna
Trog
Vehumet
Wu Jian
Xom
Zin
The Shining One


Innate Abilities, Weirdness & Mutations

Your experience applies equally to all skills.
You have very sharp teeth.
Your uncanny sense of smell can sniff out nearby items.


Message History

There is an open door here.
Your bat barely misses the skeletal warrior. x2
Your bat closely misses the skeletal warrior.
Your spectral weapon fades away.
Your bat hits the skeletal warrior but does no damage.
Your bat misses the skeletal warrior.
Your bat hits the skeletal warrior but does no damage.
Your bat closely misses the skeletal warrior.
Your bat barely misses the skeletal warrior.
Your bat hits the skeletal warrior but does no damage.
Your bat completely misses the skeletal warrior.
Your bat barely misses the skeletal warrior.
Your bat hits the skeletal warrior.
There is an open door here.
Your bat barely misses the skeletal warrior.
Your bat hits the skeletal warrior but does no damage.
Really walk into that dispersal trap?
You enter a dispersal trap!
The skeletal warrior blinks!
You blink.
The skeletal warrior hits you from afar with a +0 halberd!!
You die...

###########################...#..
............................#....
......[.....................##S..
.#..........................###.#
.#.....##................###.##.#
.......##.......@.§#####..###.#.#
.......##.....z....#####...####.#
...............................8.
.................§.........####.#
....#############'#####...###.#.#
.##.# ............#..###.##.#
.##.# ............#.....###.#
....# ............#.....##.).
....# ......###...#.....#....


You could see a skeletal warrior.

Vanquished Creatures
  A two-headed ogre (D:8)
  A troll (D:9)
  A slime creature (D:9)
  2 hippogriffs
  Eustachio (D:5)
  A human (D:7)
  A yak (D:7)
  3 hogs
  3 phantoms
  3 black bears
  3 ice beasts
  A sky beast (D:8)
  A necrophage (D:5)
  An orc warrior (D:6)
  2 centaurs
  4 ogres
  5 bullfrogs
  A big kobold (D:8)
  3 scorpions
  3 electric eels (D:6)
  3 howler monkeys
  A centaur zombie (D:9)
  2 crimson imps
  2 bullfrog zombies
  3 jellies
  4 hounds
  An orc priest (D:7)
  3 orc wizards
  3 bullfrog skeletons
  2 centaur skeletons
  3 iguanas
  3 worker ants
  2 hound zombies
  A hound skeleton (D:4)
  8 gnolls
  14 adders
  2 shadow imps (D:5)
  An adder skeleton (D:4)
  2 adder zombies
  7 worms
  2 dart slugs
  9 leopard geckos
  17 orcs
  4 giant cockroaches
  3 goblins
  7 hobgoblins
  7 jackals
  2 quokkas
  A ball python skeleton (D:4)
  7 bats
  3 frilled lizards
  A jackal skeleton (D:4)
  16 kobolds
  A leopard gecko zombie (D:6)
  6 rats
  2 spectral weapons
196 creatures vanquished.

Vanquished Creatures (collateral kills)
  2 orcs
2 creatures vanquished.

Vanquished Creatures (others)
  A spectral weapon (D:6)
1 creature vanquished.

Grand Total: 199 creatures vanquished

Notes
Turn   | Place    | Note
-------+----------+-------------------------------------------
     0 | D:1      | Leeroy the Gnoll Skald began the quest for the Orb.
     0 | D:1      | Reached XP level 1. HP: 20/20 MP: 6/6
   154 | D:1      | Reached XP level 2. HP: 19/26 MP: 7/7
   205 | D:1      | Learned a level 2 spell: Shroud of Golubria
   903 | D:2      | Found an ancient bone altar of Kikubaaqudgha.
  1012 | D:2      | Reached XP level 3. HP: 29/31 MP: 9/9
  1029 | D:2      | Reached skill level 5 in Spellcasting
  1214 | D:2      | Reached skill level 1 in Invocations
  1500 | D:2      | Reached skill level 1 in Short Blades
  1500 | D:2      | Reached skill level 1 in Axes
  1500 | D:2      | Reached skill level 1 in Maces & Flails
  1500 | D:2      | Reached skill level 1 in Polearms
  1500 | D:2      | Reached skill level 1 in Staves
  1500 | D:2      | Reached skill level 1 in Slings
  1500 | D:2      | Reached skill level 1 in Bows
  1500 | D:2      | Reached skill level 1 in Crossbows
  1500 | D:2      | Reached skill level 1 in Throwing
  1500 | D:2      | Reached skill level 1 in Stealth
  1500 | D:2      | Reached skill level 1 in Shields
  1500 | D:2      | Reached skill level 1 in Unarmed Combat
  1500 | D:2      | Reached skill level 1 in Evocations
  1587 | D:2      | Reached XP level 4. HP: 37/38 MP: 11/11
  1991 | D:3      | Learned a level 1 spell: Apportation
  1993 | D:3      | Learned a level 1 spell: Animate Skeleton
  1997 | D:3      | Learned a level 3 spell: Regeneration
  2001 | D:3      | Learned a level 3 spell: Spectral Weapon
  2003 | D:3      | Learned a level 1 spell: Confusing Touch
  2047 | D:3      | Reached skill level 1 in Conjurations
  2047 | D:3      | Reached skill level 1 in Hexes
  2047 | D:3      | Reached skill level 1 in Summonings
  2047 | D:3      | Reached skill level 1 in Necromancy
  2047 | D:3      | Reached skill level 1 in Translocations
  2047 | D:3      | Reached skill level 1 in Transmutations
  2047 | D:3      | Reached skill level 1 in Fire Magic
  2047 | D:3      | Reached skill level 1 in Ice Magic
  2047 | D:3      | Reached skill level 1 in Air Magic
  2047 | D:3      | Reached skill level 1 in Earth Magic
  2047 | D:3      | Reached skill level 1 in Poison Magic
  2497 | D:3      | Reached XP level 5. HP: 27/43 MP: 12/12
  2506 | D:3      | Found a faded altar of an unknown god.
  2991 | D:4      | Noticed a phantom
  3026 | D:4      | Found a white marble altar of Elyvilon.
  3029 | D:4      | Killed a phantom
  3029 | D:4      | Reached XP level 6. HP: 38/50 MP: 14/14
  3091 | D:4      | Found a staircase to the Ecumenical Temple.
  3096 | Temple   | Entered the Ecumenical Temple
  3102 | Temple   | Became a worshipper of Warmaster Okawaru
  3130 | D:4      | Reached skill level 5 in Fighting
  3130 | D:4      | Reached skill level 5 in Long Blades
  3130 | D:4      | Reached skill level 5 in Dodging
  3332 | D:4      | Learned a level 1 spell: Summon Small Mammal
  3626 | D:4      | Found a deep blue altar of Sif Muna.
  3675 | D:5      | Entered Level 5 of the Dungeon
  3743 | D:5      | Reached XP level 7. HP: 33/56 MP: 10/15
  3984 | D:5      | Reached * piety under Okawaru
  4341 | D:5      | Found the +18 shield of the Gong {rElec rN+ MR+ EV-5}
  4855 | D:6      | Learned a level 3 spell: Mephitic Cloud
  4857 | D:6      | Learned a level 1 spell: Magic Dart
  4992 | D:6      | Reached XP level 8. HP: 36/61 MP: 14/16
  5001 | D:5      | Noticed Eustachio
  5366 | D:5      | Killed Eustachio
  5657 | D:6      | Reached ** piety under Okawaru
  5658 | D:6      | HP: 1/62 [iguana (4)]
  5817 | D:7      | Learned a level 2 spell: Blink
  6373 | D:6      | Found a radiant altar of Vehumet.
  6399 | D:6      | Found a shattered altar of Ashenzari.
  7155 | D:6      | Reached XP level 9. HP: 47/67 MP: 15/18
  7243 | D:7      | Found a stormy altar of Qazlal.
  7732 | D:6      | Reached *** piety under Okawaru
  7899 | D:6      | Learned a level 2 spell: Slow
  8027 | D:7      | Reached skill level 5 in Armour
  8099 | D:7      | Found a glowing golden altar of the Shining One.
  8434 | D:7      | Found a bloodstained altar of Trog.
  8542 | D:7      | Reached **** piety under Okawaru
  8610 | D:7      | Reached skill level 5 in Invocations
  8738 | D:7      | Got a smoking ring mail
  8797 | D:7      | Upgraded the game from 0.23-a0-622-g59b4ea9 to
                  | 0.23-a0-625-g1d2cd9b
  8813 | D:8      | Noticed a two-headed ogre
  8865 | D:8      | Reached XP level 10. HP: 77/77 MP: 20/20
  9377 | D:8      | Reached skill level 5 in Short Blades
  9377 | D:8      | Reached skill level 5 in Axes
  9377 | D:8      | Reached skill level 5 in Maces & Flails
  9377 | D:8      | Reached skill level 5 in Polearms
  9377 | D:8      | Reached skill level 5 in Staves
  9377 | D:8      | Reached skill level 5 in Slings
  9377 | D:8      | Reached skill level 5 in Bows
  9377 | D:8      | Reached skill level 5 in Crossbows
  9377 | D:8      | Reached skill level 5 in Throwing
  9377 | D:8      | Reached skill level 5 in Stealth
  9377 | D:8      | Reached skill level 5 in Shields
  9377 | D:8      | Reached skill level 5 in Unarmed Combat
  9377 | D:8      | Reached skill level 5 in Evocations
  9397 | D:8      | Learned a level 3 spell: Conjure Flame
  9535 | D:8      | Identified the +3 ring mail of Fode {+Inv Dex+2} (You found
                  | it on level 7 of the Dungeon)
  9817 | D:8      | Killed a two-headed ogre
  9817 | D:8      | Reached ***** piety under Okawaru
  9817 | D:8      | Received a gift from Okawaru
 10462 | D:9      | Noticed a skeletal warrior
 10468 | D:9      | Received a gift from Okawaru
 10880 | D:9      | Slain by a skeletal warrior

Vault maps used:
D:1:      sevenhm_arrival_forest_fort_small_3, nrook_loot_triangle,
          minmay_misc_feat_roman, kennysheep_nondescript, minmay_misc_feat_iff
D:2:      overflow_temple_1_default
D:3:      chequers_ecumenical_altar_island, minmay_hedge_maze
D:4:      elyvilon_altar_1, led_sif_pool, temple_doors_ab,
          kennysheep_generic_room_8
D:5:      first_ration, grunt_ministairs_3, minmay_circle_x, uniq_eustachio
D:6:      fiery_altar_vehumet, serial_glass, glass_columns_a, glass_columns_a,
          glass_columns_a, glass_columns_a, glass_columns_a, glass_columns_a,
          glass_columns_b, glass_columns_a, serial_bayou_ford_a,
          grunt_ministairs_8, nicolae_ashenzari_panopticon
D:7:      nicolae_qazlal_general_emergency, trog_ov_bears_minmay, basic_altar,
          grunt_livestock, hangedman_abyss_or_decor_lesser_grid
D:9:      kb_rosetta
Temple:   compressed_dpeg_circular_temple

Skill      XL: |  1  2  3  4  5  6  7  8  9 10 |
---------------+-------------------------------+-----
Spellcasting   | 5 6 7 |  7.5
Invocations    | 1 2 3 4 5 6 |  6.0
Short Blades   | 1 2 3 4 5 |  5.4
Axes           | 1 2 3 4 5 |  5.4
Maces & Flails | 1 2 3 4 5 |  5.4
Polearms       | 1 2 3 4 5 |  5.4
Staves         | 1 2 3 4 5 |  5.4
Slings         | 1 2 3 4 5 |  5.4
Bows           | 1 2 3 4 5 |  5.4
Crossbows      | 1 2 3 4 5 |  5.4
Throwing       | 1 2 3 4 5 |  5.4
Stealth        | 1 2 3 4 5 |  5.4
Shields        | 1 2 3 4 5 |  5.4
Unarmed Combat | 1 2 3 4 5 |  5.4
Evocations     | 1 2 3 4 5 |  5.4
Conjurations   | 1 2 3 4 |  4.5
Hexes          | 1 2 3 4 |  4.5
Summonings     | 1 2 3 4 |  4.5
Necromancy     | 1 2 3 4 |  4.5
Translocations | 1 2 3 4 |  4.5
Transmutations | 1 2 3 4 |  4.5
Fire Magic     | 1 2 3 4 |  4.5
Ice Magic      | 1 2 3 4 |  4.5
Air Magic      | 1 2 3 4 |  4.5
Earth Magic    | 1 2 3 4 |  4.5
Poison Magic   | 1 2 3 4 |  4.5
Armour         | 3 4 5 6 |  6.1
Fighting       | 5 6 7 |  7.2
Long Blades    | 5 6 7 |  7.2
Dodging        | 5 6 7 |  7.2
Charms         | 6 7 |  7.2

Action                   |  1- 3 |  4- 6 |  7- 9 | 10-12 || total
-------------------------+-------+-------+-------+-------++-------
Melee: Falchion          |   101 |       |       |       ||   101
       Bite              |    12 |    16 |    57 |    19 ||   104
       Trident           |     9 |   196 |   380 |   171 ||   756
       Punch             |       |     2 |     5 |     3 ||    10
       Dagger            |       |       |    17 |     9 ||    26
       Mace              |       |       |       |     4 ||     4
Throw: Stone             |       |       |     7 |       ||     7
 Cast: Animate Skeleton  |       |     2 |     3 |       ||     5
       Spectral Weapon   |       |     2 |    14 |     7 ||    23
       Regeneration      |       |     1 |     9 |     1 ||    11
       Confusing Touch   |       |     1 |     6 |     1 ||     8
       Summon Small Mamm |       |     4 |     8 |     8 ||    20
       Magic Dart        |       |       |     3 |     1 ||     4
       Shroud of Golubri |       |       |     3 |       ||     3
       Mephitic Cloud    |       |       |     2 |     5 ||     7
       Apportation       |       |       |     1 |       ||     1
       Blink             |       |       |     8 |       ||     8
       Slow              |       |       |     1 |     5 ||     6
       Conjure Flame     |       |       |       |     5 ||     5
  Use: Scroll            |     1 |     1 |     9 |     6 ||    17
       Potion            |       |       |     5 |       ||     5
 Stab: Sleeping          |     1 |     2 |     1 |     4 ||     8
       Confused          |       |       |     1 |     1 ||     2
       Distracted        |       |       |     1 |       ||     1
  Eat: Chunk             |     2 |     7 |    16 |     5 ||    30
       Ration            |       |       |     1 |     1 ||     2
Armor: Leather armour    |     4 |       |    94 |    22 ||   120
       Ring mail         |    21 |    63 |    55 |    23 ||   162
Dodge: Dodged            |    53 |   155 |   393 |   101 ||   702
Block: Shield            |       |       |    53 |       ||    53
       Buckler           |       |       |       |    22 ||    22
       Rpst.: Falchion   |    13 |       |       |       ||    13

Table legend:
 A = Non-vault XP
 B = Vault XP
 C = Vault XP percentage of total XP
 D = Non-vault monster count
 E = Vault monster count
 F = Vault count percentage of total count
                 A         B        C        D         E       F
            +---------+---------+-------+---------+---------+-------
      Total |    5973 |    2012 |  25.2 |     175 |      21 |  10.7
            +---------+---------+-------+---------+---------+-------
        D:1 |      28 |       0 |   0.0 |      16 |       0 |   0.0
        D:2 |      95 |       0 |   0.0 |      26 |       0 |   0.0
        D:3 |      85 |       0 |   0.0 |      19 |       0 |   0.0
        D:4 |     310 |       0 |   0.0 |      19 |       0 |   0.0
        D:5 |     608 |     341 |  35.9 |      19 |       7 |  26.9
        D:6 |    1117 |     255 |  18.6 |      21 |       5 |  19.2
        D:7 |     545 |     844 |  60.8 |      15 |       5 |  25.0
        D:8 |    2382 |     311 |  11.5 |      32 |       2 |   5.9
        D:9 |     803 |     261 |  24.5 |       8 |       2 |  20.0
            +---------+---------+-------+---------+---------+-------
